 Dungeon Crawl Stone Soup version 0.31-a0-986-g5e6e4ef867 (webtiles) character file.

Game seed: 15790444929549728496

133 croobank the Ruffian (level 5, -4/35 HPs)
             Began as an Octopode Shapeshifter on Nov 3, 2023.
             Killed from afar by a white imp (11 damage)
             ... with a puff of frost
             ... on level 5 of the Dungeon.
             The game lasted 00:05:51 (2575 turns).

croobank the Ruffian (Octopode Shapeshifter)        Turns: 2575, Time: 00:05:51

Health: -4/35      AC:  3    Str: 14    XL:     5   Next: 16%
Magic:  5/6        EV: 13    Int: 14    God:
Gold:   177        SH:  0    Dex: 11    Spells: 3/5 levels left

rFire   . .          .
                       - Unarmed
rCold   . . .        (no shield)
rNeg    . . .        (helmet currently unavailable)
rPois   .            (no amulet)
rElec   .            (no ring)
rCorr   .            (no ring)
SInv    .            (no ring)
Will    +....        (no ring)
Stlth   ++           (no ring)
HPRegen 0.25/turn    (no ring)
MPRegen 0.10/turn    (no ring)
                     (no ring)

%: clarity
@: beast-form
A: beast (slay +2), almost no armour, amphibious, 8 rings, camouflage 1,
gelatinous body 1, (nimble swimmer 1), tentacles, iridescent scales 1, clarity,
strong-willed 1, teleportitis 1, evolution 1
a: Begin Untransformation


You were on level 5 of the Dungeon.
You were a hulking beast.
You visited 1 branch of the dungeon, and saw 6 of its levels.

You collected 177 gold pieces.

Inventory:

Hand Weapons
 h - a +0 dagger
Missiles
 o - 6 boomerangs
Jewellery
 k - a ring of ice
Talismans
 b - a beast talisman
 c - a flux talisman
Wands
 n - a wand of digging (6)
Scrolls
 l - a scroll of enchant armour {unknown}
 m - a scroll of identify {unknown}
 p - 2 scrolls of teleportation {unknown}
Potions
 g - a potion of magic
 i - a potion of curing


   Skills:
 + Level 2.3 Fighting
 + Level 2.9 Dodging
 + Level 3.6 Unarmed Combat
 + Level 0.8 Spellcasting
 + Level 1.0 Translocations
 + Level 3.5 Shapeshifting


You had 3 spell levels left.
You knew the following spells:

 Your Spells              Type           Power      Damage    Failure   Level
a - Blink                 Tloc           6%         N/A       26%         2

Your spell library contained the following spells:

 Spells                   Type           Power      Damage    Failure   Level
 Lesser Beckoning         Tloc           6%         N/A       26%         2
 Momentum Strike          Conj/Tloc      4%         3d8       32%         2
 Frozen Ramparts          Ice            0%         1d1       63%         3
 Petrify                  Tmut/Erth      0%         N/A       95%         4
 Metabolic Englaciation   Hex/Ice        0%         N/A       100%        5


Dungeon Overview and Level Annotations

Branches:
Dungeon (6/15)
 Temple: D:4-7

Altars:
Dithmenos

Annotations:
D:6 Grinder, Jeremiah


Innate Abilities, Weirdness & Mutations

You are a hulking beast.
Your limbs bulge with bestial killing power. (Slay +2)
You cannot wear most types of armour.
You are amphibious.
You can wear up to eight rings at the same time.
Your skin changes colour to match your surroundings (Stealth+).
Your rubbery body absorbs attacks. (AC +1, EV +1)
((You are camouflaged when in or above water. (Stealth+)))
You have tentacles for arms and can constrict up to eight enemies at once.
You are partially covered in iridescent scales. (AC +2)
You possess an exceptional clarity of mind.
You are strong-willed. (Will+)
You are occasionally teleported next to monsters.
You have hidden genetic potential.


Message History

A sleepcap comes into view.
Found 14 gold pieces.
Okay, then.
Okay, then.
Casting: Blink (dangerous; 26% risk of failure)
Confirm with . or Enter, or press ? or * to list all spells.
Okay, then.
Casting: Blink (dangerous; 26% risk of failure)
Confirm with . or Enter, or press ? or * to list all spells.
You blink. 2 orcs come into view.
Found 17 gold pieces.
You feel ready to blink again.
The orc shouts!
You hear a shout!
An orc comes into view. It is wielding a +0 short sword.
The orc moves out of view.
A jelly comes into view.
Found an escape hatch in the ceiling.
There is an escape hatch in the ceiling here.
A mysterious force pulls you upwards. The hatch slams shut behind you.
The white imp shouts, "Turn tail, thou mammering mumble-news pissant!"
Found 3 gold pieces.
You barely miss the white imp. You grab the white imp.
You constrict the white imp, but do no damage.
You tentacle-slap the white imp.
The white imp is lightly wounded.
You constrict the white imp, but do no damage.
The white imp barely misses you.
You tentacle-slap the white imp but do no damage.
The white imp is lightly wounded.
You constrict the white imp, but do no damage.
The white imp gestures at you. The puff of frost hits you.
* * * LOW HITPOINT WARNING * * *
You tentacle-slap the white imp but do no damage.
The white imp is lightly wounded.
You constrict the white imp. The white imp gestures at you.
The puff of frost hits you!
You die...

## ######. #
......5####..#
#h....#
.....$..####....
...###### .


You could see a white imp.

Vanquished Creatures
  A phantom (D:4)
  An adder (D:4)
  A worm (D:3)
  2 dart slugs
  4 ball pythons
  4 endoplasms
  3 hobgoblins
  5 kobolds
  6 bats
  3 frilled lizards (D:1)
  6 goblins
  8 rats
44 creatures vanquished.

Notes
Turn   | Place    | Note
-------+----------+-------------------------------------------
     0 | D:1      | croobank the Octopode Shapeshifter began the quest for the
                  | Orb.
     0 | D:1      | Reached XP level 1. HP: 13/13 MP: 1/1
   300 | D:1      | Reached XP level 2. HP: 17/18 MP: 2/2
  1297 | D:2      | Reached XP level 3. HP: 23/23 MP: 3/3
  2042 | D:3      | Found a shadowy altar of Dithmenos.
  2046 | D:3      | Learned a level 2 spell: Blink
  2157 | D:3      | Found a faded altar of an unknown god.
  2334 | D:4      | Noticed a phantom
  2349 | D:4      | Gained mutation: You are occasionally teleported next to
                  | monsters. [potion of mutation]
  2349 | D:4      | Gained mutation: You have hidden genetic potential. [potion
                  | of mutation]
  2349 | D:4      | Gained mutation: You are partially covered in iridescent
                  | scales. (AC +2) [potion of mutation]
  2349 | D:4      | Gained mutation: You possess an exceptional clarity of
                  | mind. [potion of mutation]
  2358 | D:4      | Killed a phantom
  2359 | D:4      | Reached skill level 1 in Translocations
  2359 | D:4      | Reached XP level 4. HP: 17/29 MP: 3/5
  2359 | D:4      | Reached XP level 5. HP: 20/34 MP: 3/6
  2359 | D:4      | Gained mutation: You are strong-willed. (Will+) [hidden
                  | potential]
  2539 | D:4      | You fall into a shaft and drop 2 floors!
  2554 | D:6      | Noticed Jeremiah
  2557 | D:6      | Noticed Grinder
  2570 | D:5      | Entered Level 5 of the Dungeon
  2575 | D:5      | Killed from afar by a white imp

Illustrated notes

Levels and vault maps discovered:
D:1:      dpeg_arrival_arbitrary_c, layout_loops_ring, serial_forest,
          infiniplex_forest_lined_4_way, infiniplex_forest_lined_4_way,
          infiniplex_forest_end_double, infiniplex_forest_end_1,
          infiniplex_forest_lined_3_way, infiniplex_forest_clump_long,
          infiniplex_forest_clump_medium, infiniplex_forest_end_2,
          infiniplex_forest_corner_2, hangedman_decor_points,
          wander_ebering_terrifying_dragon_lair
D:2:      layout_basic, kennysheep_generic_room_11
D:3:      layout_basic, grunt_dithmenos_smoke,
          shapermc_ecumenical_altar_acropolis
D:4:      layout_basic, minmay_temple_entry_drinking_statues, uniq_edmund
D:5:      layout_rooms, uniq_ijyb
D:6:      layout_loops_ring, uniq_menkaure, uniq_jeremiah, uniq_grinder

Skill      XL: |  1  2  3 |
---------------+----------+-----
Fighting       | 2 |  2.3
Translocations | 1 |  1.0
Dodging        | |  2.9
Unarmed Combat | |  3.6
Spellcasting   | |  0.8
Shapeshifting  | |  3.5

Action                     |  1- 3 |  4- 6 || total
---------------------------+-------+-------++-------
  Melee: Unarmed           |   277 |     7 ||   284
         Tentacles         |    79 |       ||    79
         Constrict         |    20 |     1 ||    21
         Punch             |    12 |       ||    12
   Cast: Blink             |       |     1 ||     1
    Use: Potion            |     6 |       ||     6
         Scroll            |       |     1 ||     1
   Stab: Sleeping          |    12 |       ||    12
         Distracted        |     1 |       ||     1
 Armour: Skin              |    44 |     3 ||    47
  Dodge: Dodged            |    33 |     2 ||    35

Table legend: (Time is in decaauts)
 A = Elapsed time spent in this place.
 B = Non-inter-level travel time spent in this place.
 C = Inter-level travel time spent in this place.
 D = Time resting spent in this place.
 E = Time spent auto-exploring this place.
 F = Levels seen in this place.
 G = Mean time per level.
                   A        B        C        D        E       F      G
               +--------+--------+--------+--------+--------+-----+--------+
         Total |   2557 |   2468 |     89 |    175 |   1697 |   6 |  426.2 |
       Dungeon |   2557 |   2468 |     89 |    175 |   1697 |   6 |  426.2 |
               +--------+--------+--------+--------+--------+-----+--------+

Top non-repeatable levels by time:
     D:1: 1065 daAuts
     D:2: 671 daAuts
     D:3: 539 daAuts
     D:4: 245 daAuts
     D:6: 30 daAuts
     D:5: 4 daAuts
